 Dungeon Crawl Stone Soup version 0.20.0-6-gd3061e9 (webtiles) character file.

153584 Iflex the Phalangite (level 17, -14/138 HPs)
             Began as a Merfolk Gladiator on May 28, 2017.
             Was a High Priest of Ru.
             Killed from afar by a frost giant (54 damage)
             ... with a bolt of cold
             ... on level 4 of the Shoals.
             The game lasted 02:13:47 (26539 turns).

Iflex the Phalangite (Merfolk Gladiator)           Turns: 26539, Time: 02:13:47

Health: -14/138    AC: 13    Str: 20    XL:     17   Next: 60%
Magic:  0/16       EV: 27    Int:  8    God:    Ru [*****.]
Gold:   1573       SH: 11    Dex: 19    Spells: 4/18 levels left

rFire    . . .     SeeInvis +   g - +7 trident (freeze)
rCold    . . .     Gourm    .   F - +2 buckler
rNeg     . . .     Faith    +   H - +3 troll leather armour
rPois    .         Spirit   +   c - +2 helmet
rElec    .         Reflect  .   p - scarf {Spirit}
rCorr    +         Harm     .   a - +1 pair of gloves {Str+3}
MR       +++..                  (boots currently unavailable)
Stlth    ++++++....             r - amulet of faith
Regen    0.8/turn               t - ring of resist corrosion
MPRegen  0.2/turn               k - ring of wizardry

@: very quick
A: change form in water, swift swim, stealthy swim, large bone plates 1, see
invisible, low mp 1, magic resistance 2, hated by all, MP-powered wands,
unskilled 1, inexperienced 1
a: Draw Out Power, Power Leap, Apocalypse, Renounce Religion


You were on level 4 of the Shoals.
You worshipped Ru.
Ru was extremely pleased with you.
You were not hungry.

You visited 5 branches of the dungeon, and saw 24 of its levels.
You also visited: Bailey.

You collected 3359 gold pieces.
You spent 1786 gold pieces at shops.

Inventory:

Hand Weapons
 g - a +7 trident of freezing (weapon)
 O - a +9 glaive of flaming
 X - the +5 scythe "Finisher" {speed, Str+3}
   (You found it on level 2 of the Shoals)

   Attacks with this weapon are significantly faster.
   It affects your strength (+3).
Missiles
 e - 17 javelins of penetration (quivered)
 J - 18 silver javelins
 U - 5 javelins
 Y - 68 tomahawks
Armour
 a - a +1 pair of gloves of strength (worn)
 c - a +2 helmet (worn)
 p - a scarf of spirit shield (worn)
 F - a +2 buckler (worn)
 H - a +3 troll leather armour (worn)
 Z - a +2 pair of boots (melded)
Jewellery
 k - a ring of wizardry (right hand)
 r - an amulet of faith (around neck)
 t - a ring of resist corrosion (left hand)
 y - an uncursed ring of fire
 G - an uncursed ring of magical power
 Q - an uncursed ring of ice
Wands
 C - a wand of confusion (15/48)
 D - a wand of acid (7/15)
 I - a wand of paralysis (13/24)
 K - a wand of iceblast (14/15)
 N - a wand of disintegration (10/24)
Scrolls
 f - 11 scrolls of remove curse
 m - 3 scrolls of recharging
 q - 2 scrolls of teleportation
 B - 2 scrolls of identify
 E - 4 scrolls of amnesia
 L - a scroll of silence
 R - 3 scrolls of blinking
Potions
 b - a potion of cancellation
 u - 5 potions of brilliance
 w - 2 potions of might
 x - 3 potions of berserk rage
 A - a potion of flight
 M - a potion of magic
 P - 3 potions of agility
 V - a potion of curing
 W - a potion of ambrosia
Books
 h - a book of Burglary

   Spells                             Type                      Level
   a - Swiftness                      Charms/Air                   2
   b - Passwall                       Transmutation/Earth          2
   c - Passage of Golubria            Translocation                4
   d - Lee's Rapid Deconstruction     Earth                        5
   e - Darkness                       Hexes                        6
   f - Invisibility                   Hexes                        6
Comestibles
 d - 3 royal jellies
 l - 6 meat rations
 n - 3 fruits
 v - 6 bread rations


   Skills:
 + Level 13.9 Fighting
 + Level 22.0 Polearms
 + Level 6.9 Throwing
 + Level 5.1 Armour
 + Level 12.2 Dodging
 + Level 11.9 Stealth
 + Level 3.9 Shields
 + Level 1.0 Unarmed Combat
 + Level 1.1 Spellcasting
   Level 0.4 Conjurations
 + Level 1.2 Hexes
 - Level 1.0 Charms
   Level 0.5 Translocations
 + Level 1.0 Air Magic
 + Level 2.5 Evocations


You had 4 spell levels left.
You knew the following spells:

 Your Spells              Type           Power        Failure   Level  Hunger
a - Swiftness             Chrm/Air       #.......     17%         2    ###....
b - Invisibility          Hex            #.......     100%        6    #######
c - Darkness              Hex            #.........   100%        6    #######


Dungeon Overview and Level Annotations

Branches:
Dungeon (11/15)            Temple (1/1) D:4            Lair (6/6) D:10
 Shoals (4/4) Lair:4       Spider (0/4) Lair:2        Slime (0/5) Lair:5
    Orc (2/2) D:11            Elf (0/3) Orc:2

Altars:
Ashenzari
Cheibriados
Dithmenos
Elyvilon
Fedhas
Gozag
Hepliaklqana
Kikubaaqudgha
Makhleb
Nemelex Xobeh
Okawaru
Qazlal
Ru
Sif Muna
Trog
Uskayaw
Vehumet
Xom
Yredelemnul
Zin
The Shining One

Shops:
D:4 !?   D:11 ::   Orc:2 [(*(

Portals:
Trove: D:11 (give +8 demon trident)


Innate Abilities, Weirdness & Mutations

You revert to your normal form in water.
You are very nimble and swift while swimming.
You are very stealthy in the water. (Stealth+)
Your magical capacity is low. (-10% MP)
You are hated by all.
You are somewhat unskilled. (-1 Apt)
You are somewhat inexperienced. (-2 XL)
You are partially covered in large bone plates. (SH +4)
You have supernaturally acute eyesight. (SInv)
You are highly resistant to hostile enchantments. (MR++)
You expend magic power (3 MP) to strengthen your wands.


Message History

Okay, then.
As you read the scroll of teleportation, it crumbles to dust.
You feel strangely stable.
You feel sick.
The frost giant gestures at you while chanting.
The bolt of cold misses you.
The merfolk javelineer throws a javelin.
The javelin hits you!
* * * LOW HITPOINT WARNING * * *
You hear a splash.
You feel much better.
You are engulfed in freezing vapours.
You feel sick.
The merfolk javelineer throws a javelin.
The javelin hits you!
* * * LOW HITPOINT WARNING * * *
You focus your will and illuminate the merfolk javelineer in retribution!
You hear a splash.
You feel better.
You are engulfed in freezing vapours.
* * * LOW HITPOINT WARNING * * *
The frost giant gestures at you while chanting.
The bolt of cold hits you!
You die...

#≈≈≈≈≈≈≈≈≈≈≈≈≈≈...............
#≈≈≈≈≈≈≈≈≈≈≈≈≈≈.........
#≈≈≈≈≈≈≈≈≈≈≈≈≈≈.........
#≈≈≈≈≈≈≈≈≈≈≈≈≈≈≈^....... ≈#≈.
#≈≈≈≈≈≈≈≈(≈≈≈≈≈≈.[....# m≈..
#≈≈≈≈≈≈≈≈≈≈≈≈≈≈≈.....## .#m#
#≈≈≈≈≈≈≈)≈≈§≈≈≈..≈≈...# ≈.m
#≈≈≈≈≈≈≈)≈≈≈§≈(......# ..#.#.
#≈≈≈≈≈≈≈≈≈≈≈≈@.......##...≈..
#≈≈≈≈≈≈≈≈≈≈≈≈.(........#..#
#≈≈≈≈≈≈≈≈≈≈....Cm.......# ##
#≈≈≈≈≈≈≈≈≈≈.....(.......##≈#≈
#≈≈≈≈≈≈≈≈≈......mmm..........
#≈≈≈≈≈≈≈≈≈.......mm..........
#≈≈≈≈≈≈≈≈≈........H........≈≈
≈≈≈≈≈≈≈≈.........†......≈≈≈
≈≈≈≈≈≈≈≈...##≈≈≈≈#(?...≈≈≈≈


You could see a frost giant, 3 merfolk impalers, 2 merfolk javelineers, a
merfolk and a manticore.

Vanquished Creatures
  Jorgrun (Shoals:2)
  Rupert (Orc:2)
  Polyphemus (Shoals:3)
  Frances (Shoals:2)
  A kraken (Shoals:2)
  Ilsuiw (Shoals:4)
  An azure jelly (Shoals:3)
  Nessos (Lair:6)
  A dire elephant (Lair:6)
  2 merfolk javelineers (Shoals:4)
  4 merfolk impalers
  Josephine (Lair:4)
  A fire dragon (Lair:6)
  Erolcha (D:10)
  5 hydras
  A satyr (Shoals:1)
  2 catoblepae
  A merfolk aquamancer (Shoals:3)
  6 two-headed ogres
  The ghost of braks the Carver, a journeyman GrFi of Uskayaw (Lair:1)
  A merfolk avatar (Shoals:1)
  2 orc high priests (Orc:2)
  7 death yaks
  The ghost of barbarian the Covered, a novice DDFi of Makhleb (D:7)
  The ghost of Iflex the Spear-Bearer, a novice MfGl of Ashenzari (D:8)
  A swamp dragon (Lair:6)
  9 sea snakes
  2 unseen horrors
  9 orc knights
  A lindwurm (Lair:6)
  8 manticores
  An ugly thing (D:11)
  8 fauns
  6 orc sorcerers
  A cyclops (D:11)
  6 black mambas
  10 merfolk sirens
  13 elephants
  2 torpor snails (Lair:6)
  12 spiny frogs
  6 rime drakes
  8 komodo dragons
  2 freezing wraiths (Shoals:3)
  4 trolls
  The ghost of greprep the Shield-Bearer, an amateur MiFi of Qazlal (D:4)
  4 wind drakes
  10 merfolk
  8 polar bears
  A jumping spider (Lair:2)
  11 hippogriffs
  12 blink frogs
  3 dream sheep
  14 snapping turtles
  5 redbacks
  A vampire (D:7)
  51 yaks
  4 wyverns
  Sigmund (D:2)
  3 wraiths
  Eustachio (D:4)
  5 water elementals
  4 hungry ghosts
  6 basilisks
  2 steam dragons
  The ghost of Iflex the Poker, an amateur MfGl of Ru (D:3)
  A warg (Orc:2)
  An acid dragon (D:9)
  13 porcupines
  11 water moccasins
  2 swamp drakes (Lair:6)
  An ice beast (D:10)
  26 orc warriors
  A phantom (D:11)
  6 sky beasts
  A necrophage (D:10)
  2 wolves (Lair:6)
  13 ogres
  9 centaurs
  19 crocodiles
  2 big kobolds
  16 bullfrogs
  A wyvern skeleton (D:10)
  A water moccasin skeleton (D:7)
  A scorpion (D:4)
  A troll zombie (D:11)
  5 wights (D:11)
  28 killer bees
  7 howler monkeys
  An electric eel (Lair:5)
  6 crimson imps
  A quasit (D:10)
  17 orc priests
  2 centaur zombies
  5 jellies
  A bullfrog skeleton (D:7)
  9 hounds
  24 orc wizards
  Jessica (D:2)
  A centaur skeleton (D:5)
  5 iguanas
  2 worker ants
  A killer bee zombie (D:8)
  5 ogre zombies (D:11)
  A hound zombie (D:8)
  Robin (D:2)
  5 gnolls (D:4)
  9 adders
  An ooze (D:2)
  2 adder zombies
  2 adder skeletons
  3 worms
  A dart slug (D:3)
  7 leopard geckos
  68 orcs
  3 ball pythons
  10 giant cockroaches
  19 goblins
  13 hobgoblins
  3 jackals (D:8)
  18 kobolds
  5 quokkas
  6 bats
  6 frilled lizards
  3 goblin zombies (D:11)
  2 hobgoblin zombies (D:11)
  A leopard gecko skeleton (D:7)
  2 orc skeletons (D:11)
  14 orc zombies (D:11)
  A quokka zombie (D:4)
  9 rats
  A plant (Lair:6)
  2 tentacles (Shoals:2)
770 creatures vanquished.

Vanquished Creatures (others)
  A hydra (Lair:6)
  An orc high priest (Orc:2)
  A two-headed ogre zombie (D:11)
  A worker ant (D:4)
  2 orcs
  An orc zombie (D:11)
  A bush (Lair:6)
  7 fungi
  23 plants
  5 tentacles (Shoals:2)
43 creatures vanquished.

Grand Total: 813 creatures vanquished

Notes
Turn   | Place    | Note
-------+----------+-------------------------------------------
     0 | D:1      | Iflex the Merfolk Gladiator began the quest for the Orb.
     0 | D:1      | Reached XP level 1. HP: 16/16 MP: 1/1
   100 | D:1      | Reached XP level 2. HP: 22/22 MP: 2/2
   425 | D:1      | Reached skill level 5 in Polearms
   449 | D:1      | Reached XP level 3. HP: 27/27 MP: 3/3
   589 | D:1      | Found a stormy altar of Qazlal.
   683 | D:2      | Noticed Jessica
   693 | D:2      | Killed Jessica
   696 | D:2      | Reached XP level 4. HP: 24/34 MP: 4/4
   907 | D:2      | Noticed Robin
  1503 | D:2      | Killed Robin
  1503 | D:2      | Reached skill level 6 in Polearms
  1534 | D:2      | Reached skill level 1 in Stealth
  1702 | D:2      | Noticed Sigmund
  1763 | D:2      | Killed Sigmund
  1763 | D:2      | Reached skill level 7 in Polearms
  1763 | D:2      | Reached skill level 1 in Armour
  1763 | D:2      | Reached XP level 5. HP: 3/39 MP: 5/5
  1763 | D:2      | Reached XP level 6. HP: 3/46 MP: 6/6
  2426 | D:3      | Noticed Iflex's ghost (amateur MfGl)
  2659 | D:3      | Reached skill level 8 in Polearms
  3115 | D:4      | Noticed greprep's ghost (amateur MiFi)
  3130 | D:3      | Reached skill level 5 in Dodging
  3720 | D:3      | Killed Iflex's ghost
  3720 | D:3      | Reached XP level 7. HP: 42/52 MP: 7/7
  4291 | D:4      | Reached skill level 9 in Polearms
  4520 | D:4      | Found Posuz's Distillery.
  5190 | D:4      | Found Larphi Hele's Magic Scroll Emporium.
  5198 | D:4      | Bought a scroll of enchant armour for 90 gold pieces
  5198 | D:4      | Bought a scroll of teleportation for 36 gold pieces
  5254 | D:4      | Noticed Eustachio
  5297 | D:4      | Killed Eustachio
  5297 | D:4      | Reached XP level 8. HP: 47/60 MP: 8/8
  5388 | D:4      | Found a bloodstained altar of Trog.
  5585 | D:4      | Found a shimmering altar of Xom.
  5629 | D:4      | Gained mutation: You have supernaturally acute eyesight. (SInv) [potion of mutation]
  5629 | D:4      | Gained mutation: Your magical capacity is low. (-10% MP) [potion of mutation]
  5629 | D:4      | Gained mutation: You expend magic power (3 MP) to strengthen your wands. [potion of mutation]
  5629 | D:4      | Gained mutation: You are resistant to hostile enchantments. (MR+) [potion of mutation]
  5657 | D:4      | Killed greprep's ghost
  5657 | D:4      | Reached skill level 10 in Polearms
  6127 | D:4      | Found a staircase to the Ecumenical Temple.
  6216 | Temple   | Entered the Ecumenical Temple
  6338 | Temple   | Became a worshipper of Ru the Awakened
  6476 | D:4      | Found a burning altar of Makhleb.
  6537 | D:5      | Entered Level 5 of the Dungeon
  6640 | D:5      | Reached skill level 5 in Fighting
  6645 | D:5      | Gained mutation: You are highly resistant to hostile enchantments. (MR++) [mutagenic meat]
  6646 | D:5      | Gained mutation: You are partially covered in large bone plates. (SH +4) [mutagenic meat]
  6745 | D:5      | Found a glowing golden altar of the Shining One.
  6798 | D:5      | Reached skill level 11 in Polearms
  7057 | D:5      | Found a sparkling altar of Nemelex Xobeh.
  7373 | D:5      | Reached XP level 9. HP: 68/68 MP: 8/8
  7392 | D:5      | Found a white marble altar of Elyvilon.
  7392 | D:5      | Found a glowing golden altar of the Shining One.
  7393 | D:5      | Found a glowing silver altar of Zin.
  7605 | D:6      | Gained mutation: You are somewhat inexperienced. (-2 XL) [Ru sacrifice]
  7605 | D:6      | Reached XP level 8. HP: 59/63 MP: 7/7
  7605 | D:6      | Reached XP level 7. HP: 56/56 MP: 6/6
  7605 | D:6      | Reached * piety under Ru
  7605 | D:6      | Reached ** piety under Ru
  8196 | D:7      | Noticed a vampire
  8261 | D:7      | Killed a vampire
  8261 | D:7      | Reached skill level 12 in Polearms
  8261 | D:7      | Reached XP level 8. HP: 64/64 MP: 7/7
  8454 | D:7      | Reached skill level 5 in Stealth
  8510 | D:7      | Identified a scroll of acquirement
  8603 | D:7      | Noticed barbarian's ghost (novice DDFi)
  8614 | D:7      | Killed barbarian's ghost
  8614 | D:7      | Reached XP level 9. HP: 44/69 MP: 8/8
  8848 | D:7      | Found a shadowy altar of Dithmenos.
  8930 | D:7      | Reached skill level 13 in Polearms
  9606 | D:8      | Found a sparkling altar of Nemelex Xobeh.
  9969 | D:8      | Noticed Iflex's ghost (novice MfGl)
  9979 | D:8      | Killed Iflex's ghost
  9979 | D:8      | Reached skill level 14 in Polearms
  9979 | D:8      | Reached XP level 10. HP: 69/79 MP: 9/9
 10637 | D:9      | Found an opulent altar of Gozag.
 10642 | D:9      | Noticed a two-headed ogre
 10654 | D:9      | Killed a two-headed ogre
 10654 | D:9      | Reached skill level 15 in Polearms
 10756 | D:9      | Gained mutation: You are somewhat unskilled. (-1 Apt) [Ru sacrifice]
 10756 | D:9      | Reduced skill Polearms to level 14
 10756 | D:9      | Reached *** piety under Ru
 10756 | D:9      | Reached **** piety under Ru
 10811 | D:9      | You fall through a shaft for 2 floors!
 10821 | D:11     | Found a portal to a secret trove of treasure.
 10888 | D:11     | Noticed an unseen horror
 10899 | D:11     | Killed an unseen horror
 11013 | D:11     | Reached XP level 11. HP: 70/84 MP: 10/10
 11046 | D:11     | Noticed a two-headed ogre
 11107 | D:11     | Noticed a white ugly thing
 11125 | D:11     | Killed a white ugly thing
 11243 | D:11     | Found Yjoatsi's Book Shoppe.
 11307 | D:11     | Found a staircase to the Orcish Mines.
 11311 | D:11     | Noticed a cyclops
 11322 | D:11     | Reached skill level 1 in Evocations
 11397 | D:11     | Killed a cyclops
 11429 | D:11     | Reached skill level 15 in Polearms
 11510 | D:11     | Noticed a two-headed ogre
 11520 | D:11     | Killed a two-headed ogre
 11520 | D:11     | Reached skill level 1 in Shields
 11535 | D:11     | Noticed a two-headed ogre
 11543 | D:11     | Killed a two-headed ogre
 11609 | D:11     | Killed a two-headed ogre
 11703 | D:11     | Noticed a two-headed ogre
 11706 | D:11     | Found Wiwirchuc's Book Shop.
 11712 | D:11     | Killed a two-headed ogre
 11776 | D:11     | Reached skill level 16 in Polearms
 11847 | D:10     | Entered Level 10 of the Dungeon
 11955 | D:10     | Noticed Erolcha
 11962 | D:10     | Killed Erolcha
 11962 | D:10     | Reached XP level 12. HP: 48/94 MP: 11/11
 12101 | D:10     | Found a staircase to the Lair.
 12280 | D:10     | Noticed a two-headed ogre
 12295 | D:10     | Killed a two-headed ogre
 12895 | D:9      | Gained mutation: You are hated by all. [Ru sacrifice]
 12895 | D:9      | Reached ***** piety under Ru
 12957 | D:9      | Found a radiant altar of Vehumet.
 13275 | D:9      | Found a hazy altar of Hepliaklqana.
 13275 | D:9      | Found a shattered altar of Ashenzari.
 13276 | D:9      | Found a deep blue altar of Sif Muna.
 13481 | D:10     | Reached skill level 17 in Polearms
 13655 | Lair:1   | Entered Level 1 of the Lair of Beasts
 13691 | Lair:1   | Noticed braks's ghost (journeyman GrFi)
 13702 | Lair:1   | Killed braks's ghost
 14744 | Lair:2   | Reached skill level 18 in Polearms
 14892 | Lair:2   | Found a hole to the Spider Nest.
 15287 | Lair:3   | Reached XP level 13. HP: 101/101 MP: 12/12
 15910 | Lair:3   | Reached skill level 10 in Fighting
 16355 | Lair:4   | Found a staircase to the Shoals.
 17170 | Lair:5   | Noticed Josephine
 17182 | Lair:4   | Killed Josephine
 17265 | Lair:5   | Found a staircase to the Slime Pits.
 17325 | Lair:5   | Reached skill level 19 in Polearms
 17418 | Lair:5   | Mutation became permanent: Your magical capacity is low. (-10% MP) [Ru sacrifice]
 17418 | Lair:5   | Gained mutation: Your magical capacity is low. (-10% MP) [Ru sacrifice]
 17797 | Lair:5   | You fall through a shaft!
 17797 | Lair:6   | Entered Level 6 of the Lair of Beasts
 17810 | Lair:6   | Reached skill level 10 in Stealth
 17944 | Lair:6   | Reached XP level 14. HP: 111/111 MP: 13/13
 18248 | Lair:6   | Reached skill level 20 in Polearms
 18256 | Lair:6   | Reached skill level 10 in Dodging
 18478 | Lair:6   | Noticed Nessos
 18631 | Lair:6   | Killed Nessos
 19371 | Lair:6   | Noticed a dire elephant
 19535 | Lair:6   | Killed a dire elephant
 20098 | Lair:6   | Reached XP level 15. HP: 113/120 MP: 14/14
 20304 | Orc:1    | Entered Level 1 of the Orcish Mines
 20351 | Orc:1    | Found a flagged portal.
 20400 | Bailey   | Entered a bailey
 21220 | Orc:2    | Entered Level 2 of the Orcish Mines
 21851 | Orc:2    | Found a staircase to the Elven Halls.
 21888 | Orc:2    | Noticed Rupert
 21926 | Orc:2    | Killed Rupert
 22300 | Orc:2    | Found Ziannack's Weapon Boutique.
 22300 | Orc:2    | Found Hitydiaqui's Assorted Antiques.
 22302 | Orc:2    | Found Tauxokhla's Weapon Boutique.
 22302 | Orc:2    | Found Ijotio's Armour Shoppe.
 22311 | Orc:2    | Bought a +1 pair of gloves of strength for 214 gold pieces
 22313 | Orc:2    | Bought a potion of berserk rage for 165 gold pieces
 22313 | Orc:2    | Bought a scroll of teleportation for 99 gold pieces
 22313 | Orc:2    | Bought a scroll of identify for 66 gold pieces
 22313 | Orc:2    | Bought a scroll of identify for 66 gold pieces
 22497 | D:11     | Reached skill level 21 in Polearms
 22522 | D:11     | Bought a book of Burglary for 1050 gold pieces
 22525 | D:11     | Learned a level 2 spell: Swiftness
 22532 | D:11     | Learned a level 6 spell: Invisibility
 22539 | D:11     | Learned a level 6 spell: Darkness
 22681 | Shoals:1 | Entered Level 1 of the Shoals
 22742 | Shoals:1 | Found a runed door.
 23231 | Shoals:1 | Reached skill level 5 in Throwing
 24006 | Shoals:2 | Noticed Frances
 24026 | Shoals:2 | Killed Frances
 24056 | Shoals:2 | Reached XP level 16. HP: 64/131 MP: 8/15
 24162 | Shoals:2 | Noticed Jorgrun
 24206 | Shoals:2 | Killed Jorgrun
 24589 | Shoals:2 | Reached skill level 5 in Armour
 24860 | Shoals:2 | Noticed a kraken
 24897 | Shoals:2 | Killed a kraken
 25208 | Shoals:3 | Found a frozen archway.
 25208 | Shoals:3 | Noticed an azure jelly
 25238 | Shoals:3 | Killed an azure jelly
 25545 | Shoals:3 | Noticed Polyphemus
 25568 | Shoals:3 | Killed Polyphemus
 25586 | Shoals:3 | Reached skill level 1 in Unarmed Combat
 25586 | Shoals:3 | Reached skill level 1 in Spellcasting
 25586 | Shoals:3 | Reached skill level 1 in Hexes
 25586 | Shoals:3 | Reached skill level 1 in Charms
 25586 | Shoals:3 | Reached skill level 1 in Air Magic
 25586 | Shoals:3 | Reached XP level 17. HP: 137/137 MP: 13/16
 26100 | Shoals:4 | Entered Level 4 of the Shoals
 26281 | Shoals:4 | Noticed Ilsuiw
 26357 | Shoals:4 | Reached skill level 22 in Polearms
 26393 | Shoals:4 | Killed Ilsuiw
 26539 | Shoals:4 | Killed from afar by a frost giant

Skill      XL: |  1  2  3  4  5  6  7  8  9 10 11 12 13 14 15 16 17 |
---------------+----------------------------------------------------+-----
Polearms       | 5 7 8 12 11 14 14 16 18 19 20 21 22 | 22.0
Stealth        | 1 4 5 6 7 8 10 11 | 11.9
Armour         | 1 2 3 4 4 5 |  5.1
Fighting       | 3 6 7 8 9 10 12 13 | 13.9
Dodging        | 5 7 8 8 9 11 12 | 12.2
Evocations     | 1 2 |  2.5
Shields        | 1 2 3 |  3.9
Throwing       | 3 6 |  6.9
Unarmed Combat | 1 |  1.0
Spellcasting   | 1 |  1.1
Hexes          | 1 |  1.2
Charms         | 1 |  1.0
Air Magic      | 1 |  1.0
Conjurations   | |  0.4
Translocations | |  0.5

Action                   |  1- 3 |  4- 6 |  7- 9 | 10-12 | 13-15 | 16-18 || total
-------------------------+-------+-------+-------+-------+-------+-------++-------
Melee: Trident           |    89 |   224 |   270 |       |       |    15 ||   598
       Spear             |       |       |   245 |       |       |       ||   245
       Tailslap          |       |       |     1 |       |     2 |    15 ||    18
       Halberd           |       |       |   173 |    77 |       |       ||   250
       Glaive            |       |       |       |   476 |  1089 |   155 ||  1720
       Scythe            |       |       |       |       |    12 |   100 ||   112
Throw: Throwing net      |     1 |     5 |     5 |       |       |     1 ||    12
       Tomahawk          |       |       |       |    13 |   103 |     9 ||   125
       Javelin           |       |       |       |       |    34 |    23 ||    57
Invok: Sacrifice Experie |       |       |     1 |       |       |       ||     1
       Sacrifice Skill   |       |       |       |     1 |       |       ||     1
       Sacrifice Love    |       |       |       |     1 |       |       ||     1
       Sacrifice Essence |       |       |       |       |     1 |       ||     1
       Reject Sacrifices |       |       |       |       |     1 |       ||     1
       Draw Out Power    |       |       |       |       |       |     2 ||     2
Evoke: Wand              |       |       |       |    11 |     7 |    12 ||    30
  Use: Potion            |       |     5 |     4 |     3 |     7 |     9 ||    28
       Scroll            |       |    10 |    15 |    15 |    19 |    10 ||    69
 Stab: Sleeping          |     4 |     1 |    12 |    17 |    24 |     8 ||    66
       Held in net/web   |       |       |     3 |       |       |       ||     3
       Invisible         |       |       |     2 |     1 |     3 |     3 ||     9
       Distracted        |       |       |     2 |     9 |    19 |     1 ||    31
       Confused          |       |       |       |     2 |     1 |     2 ||     5
       Paralysed         |       |       |       |     1 |     5 |       ||     6
       Petrified         |       |       |       |       |     2 |       ||     2
  Eat: Chunk             |       |     7 |    17 |    17 |    19 |     4 ||    64
       Royal jelly       |       |     1 |     1 |       |     2 |       ||     4
       Meat ration       |       |       |     1 |       |     2 |     1 ||     4
Armor: Leather armour    |    26 |    31 |    89 |       |       |       ||   146
       Troll leather arm |       |       |       |    48 |   141 |    28 ||   217
Dodge: Dodged            |    46 |   164 |   365 |   238 |   566 |   177 ||  1556
Block: Other             |       |       |    41 |    57 |    94 |    21 ||   213
       Buckler           |       |       |       |       |       |     6 ||     6
